 Dungeon Crawl Stone Soup version 0.30-a0-799-g109b55a442 (webtiles) character file.

Game seed: 2408854035018409859

2006750 octoduck the Impregnable (level 26, 208/249 (256) HPs)
             Began as a Minotaur Fighter on Feb 17, 2023.
             Was an Elder of Qazlal.
             Escaped with the Orb
             ... and 4 runes on Feb 21, 2023!
             The game lasted 05:28:08 (89495 turns).

octoduck the Impregnable (Minotaur Fighter)        Turns: 89495, Time: 05:28:09

HP:   208/249 (256) AC: 39    Str: 27    XL:     26   Next: 69%
MP:   37/45         EV: 23    Int:  5    God:    Qazlal [****..]
Gold: 4403          SH: 10    Dex: 20    Spells: 20/25 levels left

rFire   + + .      SeeInvis +    e - +4 executioner's axe (distort)
rCold   + + .      Faith    .    (shield currently unavailable)
rNeg    . . .      Spirit   .    D - +8 fire dragon scales
rPois   .          Reflect  +    X - +2 hat {SInv}
rElec   +          Harm     .    A - +2 cloak
rCorr   .          Rampage  ∞    P - +1 pair of gloves
Will    ++...                    S - +3 pair of seven-league boots {Rampage+∞}
Stlth   +                        H - amulet of the Burgomaster {Reflect rElec SH+5}
HPRegen 0.61/turn                r - ring "Biasimp" {+Blink rC+++ MP+9 Int-2 Stlth+}
MPRegen 0.29/turn                Q - ring of Fuicof {Will+ Dex+6 SInv}

@: lightly drained, repel missiles
A: horns 2, retaliatory headbutt, mutation resistance 1, noise suppression
0: Orb of Zot
}: 4/15 runes: serpentine, barnacled, slimy, silver
a: Renounce Religion, Evoke Blink, Upheaval, Elemental Force


You escaped.
You worshipped Qazlal.
Qazlal was greatly pleased with you.
You visited 11 branches of the dungeon, and saw 53 of its levels.
You visited the Abyss 2 times.
You also visited: Sewer, Ossuary, Bailey, Ice Cave and Wizlab.

You collected 7822 gold pieces.
You spent 3419 gold pieces at shops.

Inventory:

Hand Weapons
 e - a +4 executioner's axe of distortion (weapon)
Missiles
 w - 15 throwing nets
Armour
 y - the +0 pair of gloves "Waeduxad" {-Tele rPois Will+++ Dex-5}
   (You bought it in a shop on level 4 of the Depths)

   Dex:       It affects your dexterity (-5).
   rPois:     It protects you from poison.
   -Tele:     It prevents most forms of teleportation.
   Will:      It greatly increases your willpower.
 A - a +2 cloak (worn)
 D - +8 fire dragon scales (worn)
 P - a +1 pair of gloves (worn)
 S - the +3 pair of seven-league boots (worn) {Rampage+∞}
   (You found it in an ice cave)

   Rampage+∞: When moving toward enemies, its wearer moves as far as possible.
 X - a +2 hat of see invisible (worn)
Jewellery
 k - the brooch of Shielding {Spirit SH+8}
   (You took it off a yaktaur captain on level 5 of the Vaults)

   [amulet of guardian spirit]

   It causes incoming damage to be divided between your reserves of health and
   magic.
   SH:        It affects your SH (+8).
 r - the ring "Biasimp" (left hand) {+Blink rC+++ MP+9 Int-2 Stlth+}
   (You took it off a merfolk on level 4 of the Shoals)

   [ring of magical power]

   Int:       It affects your intelligence (-2).
   rC:        It renders you almost immune to cold.
   MP:        It affects your magic capacity (+9).
   +Blink:    It lets you blink.
   Stlth:     It makes you more stealthy.
 s - a ring of flight
 E - a ring of resist corrosion
 H - the amulet of the Burgomaster (around neck) {Reflect rElec SH+5}
   (You took it off a deep elf blademaster on level 3 of the Elven Halls)

   [amulet of reflection]

   It reflects blocked missile attacks.
   rElec:     It insulates you from electricity.
   SH:        It affects your SH (+5).
 Q - the ring of Fuicof (right hand) {Will+ Dex+6 SInv}
   (You bought it in a shop on level 4 of the Depths)

   [ring of willpower]

   Dex:       It affects your dexterity (+6).
   SInv:      It lets you see invisible.
   Will:      It increases your willpower.
Wands
 a - a wand of paralysis (45)
 i - a wand of acid (18)
 x - a wand of mindburst (26)
 B - a wand of flame (66) (quivered)
 J - a wand of digging (11)
 N - a wand of iceblast (40)
 T - a wand of polymorph (28)
Scrolls
 b - 4 scrolls of silence
 c - 4 scrolls of fog
 g - 3 scrolls of blinking
 j - 39 scrolls of teleportation
 m - 4 scrolls of magic mapping
 o - 2 scrolls of butterflies
 t - 2 scrolls of brand weapon
 R - 8 scrolls of immolation
 V - 7 scrolls of amnesia
 W - 13 scrolls of poison
 Y - 10 scrolls of fear
Potions
 d - 8 potions of brilliance
 h - 16 potions of curing
 l - 2 potions of invisibility
 n - 10 potions of cancellation
 p - 3 potions of resistance
 q - 7 potions of flight
 u - 3 potions of might
 C - 3 potions of berserk rage
 I - a potion of haste
 L - 4 potions of ambrosia
 O - 10 potions of magic
 Z - 10 potions of mutation
Miscellaneous
 v - a lightning rod (4/4)
 z - a box of beasts
 F - a condenser vane
 K - a phial of floods
 U - a phantom mirror (inert)


   Skills:
 + Level 24.6 Fighting
 - Level 24.1 Axes
 + Level 24.7 Armour
 - Level 19.3 Dodging
 - Level 7.8 Shields
 - Level 8.0 Transmutations
 - Level 9.7 Air Magic
 - Level 20.4 Invocations
 - Level 16.0 Evocations


You had 20 spell levels left.
You knew the following spells:

 Your Spells              Type           Power      Damage    Failure   Level
a - Wereblood             Tmut           8%         N/A       4%          2
b - Swiftness             Air            9%         N/A       4%          3

Your spell library contained the following spells:

 Spells                   Type           Power      Damage    Failure   Level
 Beastly Appendage        Tmut           16%        N/A       3%          1
 Shock                    Conj/Air       16%        1d4       12%         1
 Sting                    Tmut/Pois      16%        1d3       16%         1
 Airstrike                Air            4%         2d(1-17)  16%         4
 Poisonous Vapours        Pois/Air       8%         N/A       17%         2
 Static Discharge         Conj/Air       8%         2-3/arc   17%         2
 Passwall                 Tmut/Erth      3%         N/A       24%         2
 Vhi's Electric Charge    Tloc/Air       8%         N/A       34%         3
 Spider Form              Tmut/Pois      4%         N/A       43%         3
 Mephitic Cloud           Conj/Pois/Air  3%         N/A       56%         3
 Foxfire                  Conj/Fire      0%         2x1d4     63%         1
 Freeze                   Ice            0%         1d3       63%         1
 Magic Dart               Conj           0%         1d3       63%         1
 Necrotise                Necr           0%         1d4       63%         1
 Slow                     Hex            0%         N/A       63%         1
 Summon Small Mammal      Summ           0%         N/A       63%         1
 Ignite Poison            Fire/Tmut/Pois 2%         N/A       63%         3
 Blade Hands              Tmut           4%         N/A       65%         5
 Summon Lightning Spire   Summ/Air       4%         N/A       75%         4
 Call Imp                 Summ           0%         N/A       77%         2
 Ensorcelled Hibernation  Hex/Ice        0%         N/A       77%         2
 Searing Ray              Conj           0%         2d4       77%         2
 Ice Form                 Ice/Tmut       4%         N/A       85%         4
 Petrify                  Tmut/Erth      4%         N/A       85%         4
 Call Canine Familiar     Summ           0%         N/A       94%         3
 Confusing Touch          Hex            0%         N/A       94%         3
 Dazzling Flash           Conj/Hex       0%         N/A       94%         3
 Inner Flame              Hex/Fire       0%         N/A       94%         3
 Ozocubu's Armour         Ice            0%         N/A       94%         3
 Portal Projectile        Hex/Tloc       0%         N/A       94%         3
 Stone Arrow              Conj/Erth      0%         3d7       94%         3
 Summon Guardian Golem    Hex/Summ       0%         N/A       94%         3
 Tukima's Dance           Hex            0%         N/A       94%         3
 Vampiric Draining        Necr           0%         2d6       94%         3
 Arcjolt                  Conj/Air       2%         1d12      97%         5
 Lightning Bolt           Conj/Air       2%         1d13      97%         5
 Silence                  Hex/Air        2%         N/A       97%         5
 Alistair's Intoxication  Tmut/Pois      2%         N/A       99%         5
 Irradiate                Conj/Tmut      2%         3d12      99%         5
 Yara's Violent Unravell  Hex/Tmut       2%         3d3       99%         5
 Anguish                  Hex/Necr       0%         N/A       100%        4
 Animate Armour           Summ/Erth      0%         N/A       100%        4
 Dispel Undead            Necr           0%         3d6       100%        4
 Fulminant Prism          Conj/Hex       0%         3d5       100%        4
 Olgreb's Toxic Radiance  Pois           0%         N/A       100%        4
 Passage of Golubria      Tloc           0%         N/A       100%        4
 Sticky Flame             Conj/Fire      0%         2d3       100%        4
 Summon Ice Beast         Ice/Summ       0%         N/A       100%        4
 Agony                    Necr           0%         N/A       100%        5
 Borgnjor's Vile Clutch   Necr/Erth      0%         N/A       100%        5
 Fireball                 Conj/Fire      0%         3d3       100%        5
 Iskenderun's Battlesphe  Conj           0%         2d6       100%        5
 Metabolic Englaciation   Hex/Ice        0%         N/A       100%        5
 Summon Mana Viper        Hex/Summ       0%         N/A       100%        5
 Conjure Ball Lightning   Conj/Air       2%         3x3d6     100%        6
 Eringya's Noxious Bog    Tmut/Pois      2%         N/A       100%        6
 Simulacrum               Ice/Necr       0%         N/A       100%        6
 Starburst                Conj/Fire      0%         6d3       100%        6
 Statue Form              Tmut/Erth      2%         N/A       100%        6
 Dragon Form              Tmut           4%         N/A       100%        7
 Enfeeble                 Hex            0%         N/A       100%        7
 Haunt                    Necr/Summ      0%         N/A       100%        7
 Monstrous Menagerie      Summ           0%         N/A       100%        7
 Orb of Destruction       Conj           0%         9d5       100%        7
 Spellforged Servitor     Conj/Summ      0%         N/A       100%        7
 Storm Form               Tmut/Air       4%         N/A       100%        7
 Ignition                 Fire           0%         3d3       100%        8
 Lehudib's Crystal Spear  Conj/Erth      0%         10d2      100%        8
 Maxwell's Capacitive Co  Air            4%         ∞         100%        8
 Fire Storm               Conj/Fire      0%         5d1       100%        9


Dungeon Overview and Level Annotations

Branches:
Dungeon (15/15)            Temple (0/1) D:5            Lair (5/5) D:8
 Shoals (4/4) Lair:3        Snake (4/4) Lair:3        Slime (5/5) Lair:5
    Orc (2/2) D:10            Elf (3/3) Orc:2        Vaults (5/5) D:14
  Crypt (1/3) Vaults:2     Depths (4/4) D:15            Zot (5/5) Depths:4
  Sewer (visited)         Ossuary (visited)          Bailey (visited)
  IceCv (visited)          WizLab (visited)

Altars:
Cheibriados
Fedhas
Hepliaklqana
Kikubaaqudgha
Okawaru
Qazlal
Uskayaw
Vehumet
Xom
Yredelemnul
Zin
Jiyva
Lugonu

Shops:
D:4 (   D:6 *   D:7 :   D:10 [   D:13 :   Orc:2 *(*!*   Elf:1 **   Snake:2 ==:
Vaults:1 ?   Vaults:3 ?   Depths:4 *=[

Portals:
Hell: Depths:1 Depths:2 Depths:3 Depths:4
Abyss: Depths:1 Depths:2 Depths:3 Depths:4
Pandemonium: Depths:2
Ziggurat: Depths:2


Innate Abilities, Weirdness & Mutations

You have a pair of horns on your head.
You reflexively headbutt those who attack you in melee.
You are somewhat resistant to further mutation.
You passively dampen the noise of your surroundings.


Message History

What are your orders? t - Shout!
Orders for allies: a - Attack new target. r - Retreat! s - Stop attacking. g - Guard the area. f - Follow me.
Anything else - Cancel.
You shout for attention!
What are your orders? t - Shout!
Orders for allies: a - Attack new target. r - Retreat! s - Stop attacking. g - Guard the area. f - Follow me.
Anything else - Cancel.
You shout for attention!
What are your orders? t - Shout!
Orders for allies: a - Attack new target. r - Retreat! s - Stop attacking. g - Guard the area. f - Follow me.
Anything else - Cancel.
You shout for attention!
What are your orders? t - Shout!
Orders for allies: a - Attack new target. r - Retreat! s - Stop attacking. g - Guard the area. f - Follow me.
Anything else - Cancel.
You shout for attention!
What are your orders? t - Shout!
Orders for allies: a - Attack new target. r - Retreat! s - Stop attacking. g - Guard the area. f - Follow me.
Anything else - Cancel.
You shout for attention!
Activating: Disaster Area (0% risk of failure)
Press: ? - help, Dir - look around, f - activate Nature churns violently around you!
You can no longer call upon nature's wrath in a wide area around you.
You have escaped!

#.....#.##
#.#.##########
###..##.# #.#.# #.
#...>...#
#.#.#########.
###.#.#####
#.#........##.
......#
##...........##
.....)#
#............#
......#
#####(..)........#
......#
###...#.##........##
......#
#§§.@.§.##........#
#####)#
#§#..§####........#
.####.#######.#####
#........#
...##...†..##.#
##########
.#†#######....#
.#.........####
.###########
.#......# .#.####.#


There were no monsters in sight!

Vanquished Creatures
  the Royal Jelly (Slime:5)
  6 dread liches
  4 orbs of fire (Zot:5)
  Frederick (Vaults:2)
  Vashnia (Snake:3)
  A curse toe (Zot:5)
  2 Killer Klowns
  Xtahua (Vaults:4)
  7 golden dragons
  A caustic shrike (Depths:2)
  A mutant beast (WizLab)
  Nikola (Snake:3)
  2 bone dragons
  The ghost of Cujuar the Cloud Mage, an adept DrCj of Vehumet (Depths:1)
  A Tzitzimitl (D:6)
  13 tentacled monstrosities
  Jorgrun (Snake:1)
  2 electric golems
  Rupert (D:13)
  6 titans
  22 Orb Guardians
  A walking divine tome (Depths:3)
  4 quicksilver dragons
  4 deep elf blademasters
  3 Ice Fiends
  20 acid blobs
  Asterion (Elf:3)
  A walking frostbound tome (Depths:3)
  10 death cobs
  6 liches
  Polyphemus (Shoals:4)
  Gastronok (Lair:3)
  2 tentacled starspawn (Abyss:2)
  4 sphinxes
  Frances (Shoals:1)
  8 tengu reavers
  Kirke (D:14)
  4 shadow dragons
  A kraken (Shoals:1)
  14 storm dragons
  Donald (Shoals:3)
  Roxanne (Elf:2)
  3 draconian monks
  12 fire giants
  21 azure jellies
  7 rockslimes
  A nagaraja (Snake:4)
  An iron dragon (shapeshifter) (WizLab)
  7 draconian knights
  3 revenants (Vaults:2)
  8 frost giants
  2 draconian scorchers
  2 iron dragons
  14 vault wardens
  10 deep elf sorcerers
  3 draconian annihilators
  A ghost moth (Zot:4)
  5 deep elf elementalists (Elf:3)
  An orc warlord (Vaults:2)
  4 draconian shifters
  An angel (Abyss:2)
  3 draconian stormcallers
  A ghoul (Vaults:2)
  31 very ugly things
  A war gargoyle (Vaults:2)
  18 ironbound preservers
  2 spriggan defenders (Depths:3)
  7 quicksilver oozes
  6 ironbound thunderhulks
  A deep elf demonologist (Elf:3)
  11 black draconians
  9 stone giants
  6 vampire knights
  8 green draconians
  11 deep elf annihilators
  Nessos (D:13)
  Azrael (D:13)
  5 purple draconians
  9 white draconians
  6 yellow draconians
  26 dire elephants
  13 red draconians
  9 spark wasps
  6 deep elf death magi
  9 ettins
  The ghost of sirJeffrey23 the Cleaver, a journeyman FoFi of Gozag (D:13)
  Snorg (D:11)
  A crystal guardian (Vaults:2)
  7 merfolk impalers
  Josephine (D:13)
  10 fire dragons
  5 jiangshi (Vaults:2)
  4 merfolk javelineers
  11 great orbs of eyes
  6 deep elf high priests
  An entropy weaver (shapeshifter) (D:14)
  14 yaktaur captains
  Harold (D:10)
  6 ice dragons (Depths:2)
  2 hydras
  33 vault guards
  A peacekeeper (Vaults:2)
  2 spriggan air magi (Depths:2)
  4 rakshasas
  2 ogre magi
  11 ironbound frosthearts
  4 salamander tyrants
  An ice dragon (shapeshifter) (Depths:3)
  2 caustic shrike simulacra (IceCv)
  9 alligator snapping turtles
  12 centaur warriors
  12 two-headed ogres
  4 catoblepae
  13 anacondas
  10 deep troll shamans
  3 merfolk aquamancers
  10 naga warriors
  5 satyrs
  35 dancing weapons
  A death knight (Vaults:2)
  A vampire mage (Crypt:1)
  An alligator (Shoals:2)
  4 orc high priests
  10 tengu warriors
  6 boulder beetles
  11 death yaks
  10 deep troll earth magi
  2 thrashing horrors (Abyss:2)
  6 shock serpents
  A shock serpent (shapeshifter) (WizLab)
  15 naga sharpshooters
  A spriggan berserker (Depths:4)
  Sonja (D:13)
  5 hell knights
  22 deep elf knights
  Nergalle (D:11)
  10 iron trolls
  A wretched star (Abyss:2)
  5 salamander mystics
  14 skeletal warriors
  3 skysharks
  2 fire crabs (shapeshifter) (WizLab)
  Amaemon (Lair:1)
  78 deep trolls
  11 sea snakes
  3 flayed ghosts
  2 obsidian statues
  A bog body (IceCv)
  7 glowing orange brains
  An orange crystal statue (IceCv)
  8 lindwurms
  3 spriggan simulacra (IceCv)
  8 phantasmal warriors
  24 harpies
  16 ironbound convokers
  12 wizards
  5 naga ritualists
  2 necromancers
  16 deep elf archers
  A wolf spider (D:15)
  22 deep elf pyromancers
  14 mana vipers
  23 deep elf zephyrmancers
  A shining eye (shapeshifter) (WizLab)
  5 orc sorcerers
  10 orc knights
  41 ugly things
  7 shining eyes
  A salamander (shapeshifter) (Vaults:5)
  20 manticores
  An oklob plant (Lair:3)
  2 moths of wrath (shapeshifter)
  16 fauns
  9 cyclopes
  Joseph (Lair:1)
  19 salamanders
  13 naga magi
  8 guardian serpents
  9 merfolk sirens
  12 water nymphs
  An eye of devastation (Slime:4)
  An elephant (shapeshifter) (WizLab)
  16 elephants
  18 moths of wrath
  2 ice statues (Elf:3)
  37 black mambas
  A black mamba (shapeshifter) (D:13)
  2 guardian serpents (shapeshifter) (WizLab)
  2 smoke demons
  3 torpor snails
  A frost giant skeleton (Vaults:1)
  5 cane toads
  2 orange demons
  15 vault sentinels
  2 gargoyles
  3 rime drakes
  An unseen horror (D:11)
  31 yaktaurs
  7 kobold demonologists
  14 freezing wraiths
  8 komodo dragons
  Maggie (D:6)
  3 yaktaurs (shapeshifter) (WizLab)
  A komodo dragon (shapeshifter) (WizLab)
  2 efreet
  A catoblepas skeleton (Crypt:1)
  2 ice devils (IceCv)
  5 tengu conjurers
  3 ancient zymes (Abyss:2)
  A grey draconian skeleton (Crypt:1)
  A troll (shapeshifter) (WizLab)
  13 trolls
  2 hellwings (Abyss:2)
  3 raiju (shapeshifter)
  8 polar bears
  20 merfolk
  A wind drake (shapeshifter) (WizLab)
  15 blink frogs
  9 large abominations
  5 wind drakes
  11 snapping turtles
  17 dream sheep
  A snapping turtle (shapeshifter) (WizLab)
  A jumping spider (shapeshifter) (Abyss:2)
  Sigmund (D:3)
  6 flying skulls
  A shadow (D:12)
  A shapeshifter (WizLab)
  A slime creature (shapeshifter) (WizLab)
  2 wyverns
  A culicivora (Vaults:5)
  106 slime creatures
  3 air elementals
  A yak (shapeshifter) (WizLab)
  A ynoxinul (Abyss:2)
  A spriggan (shapeshifter) (Vaults:2)
  16 humans
  3 vampires (Vaults:2)
  8 wraiths
  2 basilisks (shapeshifter) (WizLab)
  3 hogs
  14 water elementals
  68 yaks
  Eustachio (D:5)
  3 basilisks
  A golden eye (shapeshifter) (WizLab)
  A chaos spawn (Abyss:2)
  5 minotaur simulacra (IceCv)
  4 golden eyes
  A human (shapeshifter) (WizLab)
  An iron golem (WizLab)
  A redback (shapeshifter) (Elf:2)
  7 fire elementals
  A steam dragon (D:8)
  10 vampire mosquitoes
  8 small abominations
  3 redbacks (Vaults:5)
  A neqoxec (Depths:3)
  34 nagas
  2 harpy simulacra (IceCv)
  2 wargs
  A merfolk zombie (Crypt:1)
  A swamp worm (shapeshifter) (D:14)
  A naga (shapeshifter) (WizLab)
  A glowing shapeshifter zombie (Vaults:1)
  An acid dragon (D:12)
  A hell hound (D:13)
  Duvessa (D:6)
  11 water moccasins
  A water moccasin (shapeshifter) (WizLab)
  A human skeleton (Vaults:1)
  2 ice beasts
  3 black bears
  6 floating eyes
  A swamp drake (shapeshifter) (WizLab)
  16 orc warriors
  2 alligator simulacra (IceCv)
  21 ogres
  41 wolves
  6 boggarts
  32 centaurs
  8 kobold brigands
  2 elf zombies (Ossuary)
  13 bullfrogs
  5 earth elementals
  5 scorpions
  A yaktaur skeleton (Crypt:1)
  4 necrophages (D:5)
  3 deep troll simulacra (IceCv)
  10 wights
  Dowan (D:6)
  A lindwurm simulacrum (IceCv)
  21 killer bees
  8 howler monkeys
  11 electric eels
  3 lava snakes (Lair:3)
  2 quasits (Abyss:2)
  A human zombie (Ossuary)
  8 hounds
  6 jellies
  A centaur skeleton (Crypt:1)
  15 orc priests
  3 starcursed masses (Abyss:2)
  3 iguanas
  23 orc wizards
  2 mummies (Ossuary)
  16 gnolls
  10 adders
  2 river rats (D:3)
  A shadow imp (D:7)
  A white imp (Abyss:2)
  4 ufetubi
  An iguana zombie (Crypt:1)
  3 worms
  A dart slug (D:1)
  75 orcs
  14 endoplasms
  10 giant cockroaches
  2 gnoll zombies (Ossuary)
  5 goblins
  5 hobgoblins
  5 jackals (D:1)
  15 quokkas
  2 training dummies (D:4)
  11 ball pythons
  3 bats
  7 frilled lizards
  6 goblin zombies (Ossuary)
  35 kobolds
  A kobold skeleton (Crypt:1)
  3 orc zombies (Ossuary)
  10 rats
  2 lurking horrors (Abyss:2)
  A starspawn tentacle (Abyss:2)
  3 tentacles (Shoals:1)
2468 creatures vanquished.

Vanquished Creatures (collateral kills)
  An iron dragon (Vaults:5)
  A vault warden (Vaults:5)
2 creatures vanquished.

Vanquished Creatures (others)
  A yaktaur captain (Vaults:5)
  A death yak (Lair:5)
  2 naga sharpshooters (Snake:3)
  A deep elf knight (Elf:3)
  A wizard (D:14)
  A deep elf zephyrmancer (Elf:1)
  A phantasmal warrior (Vaults:5)
  A manticore (shapeshifter) (Vaults:5)
  A troll (Orc:2)
  A warg (Orc:2)
  2 nagas (Snake:3)
  A kobold (D:13)
  19 fungi
  A lurking horror (Abyss:2)
  69 plants
  7 starspawn tentacles (Abyss:2)
  5 tentacles (Shoals:1)
115 creatures vanquished.

Grand Total: 2585 creatures vanquished

Notes
Turn   | Place    | Note
-------+----------+-------------------------------------------
     0 | D:1      | octoduck the Minotaur Fighter began the quest for the Orb.
     0 | D:1      | Reached XP level 1. HP: 19/19 MP: 0/0
   158 | D:1      | Reached XP level 2. HP: 26/26 MP: 1/1
   164 | D:1      | Reached skill level 1 in Dodging
   527 | D:1      | Found a faded altar of an unknown god.
   534 | D:1      | Reached XP level 3. HP: 31/31 MP: 2/2
  1029 | D:2      | Found a stormy altar of Qazlal.
  1186 | D:2      | Became a worshipper of Qazlal Stormbringer
  1198 | D:1      | Identified a scroll of acquirement
  1198 | D:1      | Acquired the amulet of Lodaroca {Acrobat rC+ Regen+}
  1897 | D:3      | Noticed Sigmund
  1904 | D:3      | Reached XP level 4. HP: 36/39 MP: 3/3
  1907 | D:3      | Killed Sigmund
  1908 | D:3      | Reached XP level 5. HP: 45/45 MP: 4/4
  1910 | D:3      | Identified the +0 leather armour of the Present {Stlth+}
  1942 | D:3      | Found a glowing drain.
  1961 | Sewer    | Entered a sewer
  1982 | Sewer    | Reached XP level 6. HP: 50/51 MP: 5/5
  2110 | Sewer    | Reached * piety under Qazlal
  2334 | D:3      | Found a transporter.
  2364 | D:3      | Found a transporter.
  2447 | D:3      | Reached XP level 7. HP: 48/57 MP: 6/6
  2618 | D:3      | Reached ** piety under Qazlal
  2686 | D:3      | Found a glowing silver altar of Zin.
  3204 | D:4      | Reached skill level 5 in Dodging
  3595 | D:4      | Found Emiwog's Firing Range.
  3599 | D:4      | Bought a throwing net for 39 gold pieces
  3599 | D:4      | Bought a throwing net for 39 gold pieces
  3830 | D:5      | Entered Level 5 of the Dungeon
  3835 | D:5      | Reached XP level 8. HP: 61/64 MP: 7/7
  3875 | D:5      | Reached skill level 10 in Axes
  3951 | D:5      | Noticed Eustachio
  3969 | D:5      | Killed Eustachio
  4078 | D:5      | Reached *** piety under Qazlal
  4367 | D:5      | Found a staircase to the Ecumenical Temple.
  4699 | D:6      | Reached XP level 9. HP: 53/70 MP: 8/8
  4900 | D:6      | Noticed Maggie
  4910 | D:6      | Killed Maggie
  5229 | D:6      | Found Ezxut's General Store.
  5237 | D:6      | Bought a scroll of identify for 26 gold pieces
  5237 | D:6      | Bought a scroll of identify for 26 gold pieces
  5728 | D:7      | Noticed Dowan
  5733 | D:7      | Noticed Duvessa
  5747 | D:6      | Killed Duvessa
  5753 | D:6      | Killed Dowan
  5921 | D:7      | Noticed a cyclops
  6007 | D:6      | Reached skill level 15 in Axes
  6214 | D:7      | Killed a cyclops
  6215 | D:7      | Reached XP level 10. HP: 46/77 MP: 9/9
  6410 | D:7      | Reached **** piety under Qazlal
  6505 | D:7      | Found Tocavid's Book Boutique.
  6541 | D:7      | Found a hide-covered altar of Uskayaw.
  6798 | D:8      | Reached skill level 1 in Invocations
  6855 | D:8      | Found a sand-covered staircase.
  6860 | Ossuary  | Entered an ossuary
  7049 | D:8      | Found a shimmering altar of Xom.
  7153 | D:8      | Found an iron altar of Okawaru.
  7163 | D:8      | Reached ***** piety under Qazlal
  7266 | D:8      | Reached skill level 5 in Armour
  7316 | D:8      | Found a staircase to the Lair.
  7639 | D:6      | Bought a scroll of enchant armour for 97 gold pieces
  7806 | D:8      | Reached skill level 5 in Invocations
  8301 | D:9      | Reached XP level 11. HP: 82/82 MP: 14/14
  8364 | D:9      | Noticed a centaur warrior
  8373 | D:9      | Killed a centaur warrior
  8527 | D:9      | Noticed a two-headed ogre
  8534 | D:9      | Killed a two-headed ogre
  8595 | D:9      | Noticed a two-headed ogre
  8613 | D:9      | Killed a two-headed ogre
  9017 | D:10     | Entered Level 10 of the Dungeon
  9021 | D:10     | Found a staircase to the Orcish Mines.
  9076 | D:10     | Found Horeil's Armour Shop.
  9122 | D:10     | Identified the +6 war axe "Foramow" {freeze, Int+8 Stlth+}
  9193 | D:10     | Found a flagged portal.
  9202 | Bailey   | Entered a bailey
  9766 | D:10     | Bought a +2 buckler for 264 gold pieces
  9944 | D:10     | Acquired a +2 pair of boots of rampaging
 10353 | D:11     | Reached ****** piety under Qazlal
 10380 | D:11     | Noticed a skeletal warrior
 10380 | D:11     | Noticed a skeletal warrior
 10380 | D:11     | Noticed Snorg
 10412 | D:10     | Killed a skeletal warrior
 10617 | D:11     | Noticed Nergalle
 10628 | D:11     | Killed Nergalle
 10629 | D:11     | Reached skill level 5 in Fighting
 10814 | D:11     | Killed Snorg
 10948 | D:11     | Noticed a skeletal warrior
 10971 | D:11     | Noticed a skeletal warrior
 10987 | D:10     | Killed a skeletal warrior
 10988 | D:10     | Reached XP level 12. HP: 83/94 MP: 18/18
 11036 | D:11     | Reached skill level 10 in Invocations
 11414 | D:11     | Upgraded the game from 0.30-a0-778-g2ef04afb54 to
                  | 0.30-a0-779-g7971cf19c3
 11469 | D:12     | Noticed a two-headed ogre
 11477 | D:12     | Killed a two-headed ogre
 11713 | D:12     | Noticed a boulder beetle
 11716 | D:12     | Reached skill level 10 in Armour
 11906 | Lair:1   | Entered Level 1 of the Lair of Beasts
 11921 | Lair:1   | Noticed Joseph
 12088 | Lair:1   | Killed Joseph
 12240 | Lair:1   | Reached XP level 13. HP: 111/111 MP: 20/20
 12339 | Lair:1   | Noticed Amaemon
 12341 | Lair:1   | Killed Amaemon
 13250 | Lair:2   | Reached skill level 10 in Fighting
 14350 | Lair:3   | Noticed Gastronok
 14365 | Lair:3   | Killed Gastronok
 14598 | Lair:3   | Found a staircase to the Shoals.
 14874 | Lair:3   | Found the +11 Singing Sword {sonic wave}
 15119 | Lair:3   | Reached XP level 14. HP: 124/125 MP: 22/22
 15186 | Lair:3   | Found a staircase to the Snake Pit.
 16864 | Lair:5   | Entered Level 5 of the Lair of Beasts
 17433 | Lair:5   | Found a staircase to the Slime Pits.
 17692 | Lair:5   | Identified the +7 trident of Accidental Termination {flame,
                  | Will+}
 17976 | Lair:5   | Reached skill level 15 in Armour
 18028 | Lair:5   | Got the Compendium of Inference
 18403 | Orc:1    | Entered Level 1 of the Orcish Mines
 18415 | Orc:1    | Noticed Harold
 18434 | D:10     | Killed Harold
 18711 | Orc:2    | Entered Level 2 of the Orcish Mines
 18746 | Orc:2    | Paralysed by an ogre mage for 3 turns
 18751 | Orc:2    | Reached XP level 15. HP: 49/137 MP: 24/24
 19036 | Orc:2    | Found a staircase to the Elven Halls.
 19122 | Orc:2    | Found Cuny Lai's Assorted Antiques.
 19236 | Orc:2    | Found Qupiddoi's General Store.
 19239 | Orc:2    | Found Irymikk's Antique Weapon Emporium.
 19241 | Orc:2    | Found Kigacuwastry's Distillery.
 19244 | Orc:2    | Bought 2 scrolls of blinking for 210 gold pieces
 19244 | Orc:2    | Bought a scroll of identify for 28 gold pieces
 19253 | Orc:2    | Found Tamarip's General Store.
 19477 | Orc:1    | You fall into a shaft and drop 1 floor!
 20630 | D:12     | Reached skill level 15 in Invocations
 20759 | D:12     | Identified the +8 dagger "Judi Keng" {flame, Fly rCorr
                  | Int-2 Dex+8}
 21435 | D:13     | Noticed Sonja
 21452 | D:13     | Killed Sonja
 21464 | D:13     | Reached skill level 15 in Fighting
 21872 | D:13     | Found Latisaumm's Book Emporium.
 22661 | D:13     | Found a runed translucent gate.
 22661 | D:13     | Found a runed translucent gate.
 22661 | D:13     | Found a runed translucent gate.
 22671 | D:13     | Noticed an azure jelly
 22671 | D:13     | Noticed sirJeffrey23's ghost (journeyman FoFi)
 22671 | D:13     | Noticed an azure jelly
 22671 | D:13     | Noticed an azure jelly
 22672 | D:13     | Noticed an acid blob
 22672 | D:13     | Noticed an acid blob
 22673 | D:13     | Noticed an azure jelly
 22673 | D:13     | Noticed an azure jelly
 22674 | D:13     | Noticed an acid blob
 22741 | D:13     | Found a viscous altar of Jiyva.
 22807 | D:14     | Found a blossoming altar of Fedhas.
 22809 | D:14     | Noticed Kirke
 22877 | D:10     | Bought a +3 ring mail of willpower for 416 gold pieces
 23023 | Shoals:1 | Entered Level 1 of the Shoals
 23023 | Shoals:1 | Noticed Frances
 23035 | Shoals:1 | Killed Frances
 23906 | Shoals:1 | Noticed a kraken
 23915 | Shoals:1 | Killed a kraken
 23916 | Shoals:1 | Reached XP level 16. HP: 135/151 MP: 23/26
 24502 | Shoals:2 | You fall into a shaft and drop 1 floor!
 24950 | Shoals:2 | Identified the +7 trident of the Twisting Spider {speed,
                  | Str+3 Dex+3}
 26622 | Shoals:4 | Entered Level 4 of the Shoals
 26665 | Shoals:4 | Noticed Polyphemus
 26787 | Shoals:4 | Noticed Donald
 26979 | Shoals:3 | Killed Donald
 26980 | Shoals:3 | Reached skill level 1 in Evocations
 27556 | Shoals:4 | Killed Polyphemus
 27557 | Shoals:4 | Reached skill level 5 in Shields
 28241 | Shoals:4 | Reached XP level 17. HP: 160/161 MP: 28/28
 28434 | Abyss:2  | Cast into level 2 of the Abyss (merfolk impaler)
 28509 | Abyss:2  | Noticed a bone dragon
 28709 | Abyss:2  | Noticed a lich
 28734 | Abyss:2  | Killed a lich
 28795 | Shoals:4 | Escaped the Abyss
 29006 | Shoals:4 | Identified the ring "Biasimp" {+Blink rC+++ MP+9 Int-2
                  | Stlth+}
 29081 | Abyss:2  | Noticed a dread lich
 29081 | Abyss:2  | Found a corrupted altar of Lugonu.
 29081 | Abyss:2  | Cast into level 2 of the Abyss (merfolk impaler)
 29082 | Abyss:2  | Paralysed by a dread lich for 5 turns
 29106 | Abyss:2  | Paralysed by a dread lich for 4 turns
 29110 | Abyss:2  | Noticed a Brimstone Fiend
 29113 | Abyss:2  | Killed a dread lich
 29232 | Shoals:4 | Escaped the Abyss
 29859 | Shoals:4 | Got a barnacled rune of Zot
 30089 | Shoals:4 | Reached skill level 10 in Dodging
 30715 | D:14     | Noticed Nessos
 30715 | D:14     | Noticed Rupert
 30715 | D:14     | Found a gate to the Vaults.
 30718 | D:14     | Noticed Josephine
 30749 | D:13     | Killed Rupert
 30773 | D:13     | Killed Josephine
 30775 | D:13     | Killed Nessos
 30791 | D:14     | Noticed Azrael
 30853 | D:13     | Killed Azrael
 30978 | D:14     | Killed Kirke
 31652 | D:15     | Entered Level 15 of the Dungeon
 32141 | D:15     | Found a staircase to the Depths.
 32823 | D:15     | Found a hazy altar of Hepliaklqana.
 33161 | Snake:1  | Entered Level 1 of the Snake Pit
 33436 | Snake:1  | Reached XP level 18. HP: 153/170 MP: 29/29
 33919 | Snake:1  | Noticed Jorgrun
 33945 | Snake:1  | Killed Jorgrun
 34677 | Snake:2  | Found Renkevom's Book Shop.
 34678 | Snake:2  | Found Ewnokit's Jewellery Shoppe.
 34678 | Snake:2  | Found Kuiduf's Jewellery Shoppe.
 35357 | Snake:3  | Found a basalt altar of Yredelemnul.
 35387 | Snake:3  | Noticed Vashnia
 35573 | Snake:3  | Noticed Nikola
 35584 | Snake:3  | Killed Nikola
 36282 | Snake:3  | Killed Vashnia
 36847 | Snake:4  | Entered Level 4 of the Snake Pit
 37841 | Snake:4  | Reached skill level 15 in Dodging
 37843 | Snake:4  | Reached XP level 19. HP: 132/177 MP: 30/30
 38001 | Snake:4  | Got a serpentine rune of Zot
 38501 | Depths:1 | Entered Level 1 of the Depths
 38982 | Depths:1 | Identified the +9 scimitar of the Twelve Interlopers {holy,
                  | rC+ Int+3}
 39429 | Depths:1 | Found a gateway to Hell.
 39494 | Depths:1 | Noticed Cujuar's ghost (adept DrCj)
 39510 | Depths:1 | Found a runed translucent door.
 39660 | Depths:1 | Killed Cujuar's ghost
 40236 | Depths:1 | Found a corrupted altar of Lugonu.
 40237 | Depths:1 | Found a one-way gate to the infinite horrors of the Abyss.
 40380 | Depths:2 | Found a one-way gateway to a ziggurat.
 40765 | Depths:2 | Found a one-way gate leading to the halls of Pandemonium.
 41437 | Depths:2 | Noticed a caustic shrike
 41450 | Depths:2 | Killed a caustic shrike
 41568 | Depths:2 | Reached XP level 20. HP: 189/189 MP: 32/32
 41593 | Depths:2 | Identified the +6 morningstar "Suklev" {speed, Str+5}
 42678 | Depths:3 | Noticed a golden dragon
 42687 | Depths:3 | Killed a golden dragon
 43083 | Depths:2 | Upgraded the game from 0.30-a0-779-g7971cf19c3 to
                  | 0.30-a0-782-ge64f9170bb
 44295 | Depths:4 | Entered Level 4 of the Depths
 44509 | Depths:4 | Noticed a golden dragon
 44514 | Depths:4 | Killed a golden dragon
 44515 | Depths:4 | Reached skill level 5 in Evocations
 44659 | Depths:4 | Noticed a bone dragon
 44709 | Depths:3 | Killed a bone dragon
 44931 | Depths:4 | Found Soreq's Armour Boutique.
 44935 | Depths:4 | Found Hixalounn's Jewellery Shop.
 44936 | Depths:4 | Found Binoghaf's Assorted Antiques.
 44961 | Depths:4 | Bought the +0 pair of gloves "Waeduxad" {-Tele rPois
                  | Will+++ Dex-5} for 340 gold pieces
 44972 | Depths:4 | Noticed a bone dragon
 44982 | Depths:4 | Killed a bone dragon
 45265 | Elf:1    | Entered Level 1 of the Elven Halls
 45344 | Elf:1    | Found Johiuppu's General Store.
 45346 | Elf:1    | Found Figuq's Specific Store.
 45699 | Elf:1    | Reached XP level 21. HP: 203/203 MP: 34/34
 47663 | Elf:2    | Identified Roxanne's Lessons on Evolution
 47663 | Elf:2    | Noticed Roxanne
 47664 | Elf:2    | Paralysed by an air elemental for 1 turns
 47788 | Elf:2    | Found a runed translucent gate.
 47788 | Elf:2    | Found a runed translucent gate.
 47788 | Elf:2    | Found a runed translucent gate.
 48214 | Elf:2    | Paralysed by an air elemental for 1 turns
 48949 | Elf:2    | Killed Roxanne
 49044 | Elf:2    | Found a radiant altar of Vehumet.
 49117 | Elf:3    | Entered Level 3 of the Elven Halls
 49117 | Elf:3    | Found an ancient bone altar of Kikubaaqudgha.
 49230 | Elf:3    | Found a frozen archway.
 49244 | IceCv    | Entered an ice cave
 49714 | IceCv    | Found the +3 pair of seven-league boots {Rampage+∞}
 50966 | Elf:3    | Noticed Asterion
 50978 | Elf:3    | Killed Asterion
 51114 | Elf:3    | Identified the amulet of the Burgomaster {Reflect rElec
                  | SH+5}
 51125 | Elf:3    | HP: 3/209 [deep elf blademaster/+0 rapier (25)]
 51316 | Elf:3    | Reached skill level 10 in Evocations
 51536 | Elf:3    | Identified the ring of the Good {Drain Fly rC++ Will+
                  | Dex+3}
 51559 | Elf:3    | Identified the ring "Kipronip" {Ice rPois rN+}
 51750 | Elf:3    | Identified the ring of Xom's Bemusement {Ice Str+4 Stlth-}
 52254 | Elf:3    | Identified the +7 quarterstaff "Menirchot" {heavy, Int+3
                  | SInv Stlth+}
 53813 | Elf:3    | Found the +2 shield of Resistance {rF++ rC++ Will++}
 53850 | Elf:3    | Found the +3 giant club "Skullcrusher" {speed, Str+7}
 54095 | Elf:2    | Reached XP level 22. HP: 220/220 MP: 35/35
 55004 | D:6      | Bought a scroll of enchant weapon for 97 gold pieces
 55593 | Depths:4 | Bought the ring of Fuicof {Will+ Dex+6 SInv} for 927 gold
                  | pieces
 55805 | Depths:4 | Found a gate to the Realm of Zot.
 55815 | Depths:4 | Found a snail-covered altar of Cheibriados.
 56291 | Vaults:1 | Entered Level 1 of the Vaults
 56568 | Vaults:1 | Found Lolyrpho's Magic Scroll Emporium.
 59456 | Vaults:2 | Found a staircase to the Crypt.
 59668 | Vaults:2 | Identified the +4 lajatang of Jeicilie {spect, rC+}
 59780 | Vaults:2 | Noticed Frederick
 60187 | Vaults:2 | Killed Frederick
 61001 | Vaults:3 | Found Muuz's Magic Scroll Emporium.
 61006 | Vaults:3 | Bought a scroll of blinking for 135 gold pieces
 61006 | Vaults:3 | Bought a scroll of fog for 72 gold pieces
 61006 | Vaults:3 | Bought a scroll of fear for 72 gold pieces
 61006 | Vaults:3 | Bought a scroll of enchant armour for 135 gold pieces
 61006 | Vaults:3 | Bought a scroll of enchant armour for 135 gold pieces
 61100 | Vaults:3 | Upgraded the game from 0.30-a0-782-ge64f9170bb to
                  | 0.30-a0-799-g109b55a442
 61118 | Vaults:3 | Reached XP level 23. HP: 186/226 MP: 36/36
 61378 | Vaults:3 | Found a magical portal.
 61384 | WizLab   | Entered Cigotuvi's Fleshworks
 61715 | WizLab   | Gained mutation: You occasionally shout uncontrollably at
                  | your foes. [a shining eye]
 61717 | WizLab   | Gained mutation: You have sharp fingernails. [a shining
                  | eye]
 61863 | WizLab   | Identified the ring "Puomion" {Drain Fly rElec rCorr Dex+2}
 62048 | WizLab   | Got Cigotuvi's Volume of the Lethal Figure
 63725 | Vaults:4 | Reached skill level 15 in Evocations
 64285 | Vaults:4 | Noticed Xtahua
 64345 | Vaults:4 | Killed Xtahua
 64532 | Vaults:4 | Got Sif Muna's Exposition on Rancid Blasts
 64670 | Vaults:4 | Learned a level 2 spell: Wereblood
 64674 | Vaults:4 | Learned a level 3 spell: Swiftness
 64891 | Vaults:4 | Reached skill level 1 in Transmutations
 64909 | Vaults:4 | Acquired a ring of resist corrosion
 65985 | Slime:1  | Entered Level 1 of the Pits of Slime
 66323 | Slime:4  | Gained mutation: You are vulnerable to cold. (rC-) [a
                  | shining eye]
 67371 | Orc:2    | Bought a scroll of immolation for 60 gold pieces
 67371 | Orc:2    | Bought a scroll of blinking for 112 gold pieces
 67381 | Orc:2    | Bought a scroll of silence for 133 gold pieces
 67381 | Orc:2    | Bought a potion of might for 56 gold pieces
 67711 | Slime:5  | Entered Level 5 of the Pits of Slime
 67895 | Slime:5  | Gained mutation: You are dopey. (Int -2) [a shining eye]
 68006 | Slime:5  | Noticed the Royal Jelly
 68006 | Slime:5  | Gained mutation: Your spells are a little easier to cast,
                  | but a little less powerful. [a shining eye]
 68007 | Slime:5  | Gained mutation: You are partially covered in iridescent
                  | scales. (AC +2) [a shining eye]
 68012 | Slime:4  | Reached skill level 5 in Transmutations
 68806 | Slime:4  | Reached XP level 24. HP: 194/235 MP: 36/36
 69064 | Slime:5  | Killed the Royal Jelly
 69295 | Slime:5  | Found the ring of the Hare {EV+10}
 69338 | Slime:5  | Got a slimy rune of Zot
 69350 | Slime:5  | Got the Precepts of Entranced Attendants
 69379 | Slime:5  | Identified the +5 mace of the Riding Lamprey {flame, rElec
                  | Str+3}
 69412 | Slime:5  | Got Nyereir's Excursus on Fulmination
 69424 | Slime:5  | Identified the +4 trident of Plague {freeze, *Noise rN++
                  | Int+2}
 69925 | Vaults:2 | Lost mutation: Your spells are a little easier to cast, but
                  | a little less powerful. [potion of mutation]
 69925 | Vaults:2 | Lost mutation: You are vulnerable to cold. (rC-) [potion of
                  | mutation]
 69925 | Vaults:2 | Lost mutation: You have sharp fingernails. [potion of
                  | mutation]
 69925 | Vaults:2 | Gained mutation: You are frail. (-10% HP) [potion of
                  | mutation]
 69925 | Vaults:2 | Gained mutation: Your flesh is cold resistant. (rC+)
                  | [potion of mutation]
 69925 | Vaults:2 | Lost mutation: You are dopey. (Int -2) [potion of mutation]
 70004 | Vaults:5 | Entered Level 5 of the Vaults
 70011 | Vaults:5 | Reached skill level 1 in Air Magic
 70367 | Vaults:5 | Noticed a dread lich
 70511 | Vaults:4 | Paralysed by a dread lich for 4 turns
 70520 | Vaults:4 | Killed a dread lich
 70652 | Vaults:5 | Reached skill level 5 in Air Magic
 70667 | Vaults:5 | HP: 9/202 [golden dragon (7)]
 72460 | Vaults:5 | Found the +15 Maxwell's patent armour {-Cast -Tele rElec
                  | Will+ rCorr}
 72498 | Vaults:5 | Identified the +4 whip of Benevolence {flame, Str+4}
 72743 | Vaults:5 | Got a silver rune of Zot
 72776 | Vaults:5 | Identified the +11 dagger of the Thing {drain, Fly Stlth+}
 72798 | Vaults:5 | Identified the +5 long sword of Termination {freeze, rN+}
 72983 | Vaults:5 | Got Lazicibeff's Excursus on Undead Conflagration
 73076 | Vaults:5 | Identified the amulet "Ume Asm" {Reflect Harm rPois Regen+
                  | Int-4 SH+5}
 73310 | Vaults:5 | Identified the +1 chain mail of Okawaru's Delight {-Tele
                  | +Inv Will+}
 73588 | Zot:1    | Entered Level 1 of the Realm of Zot
 74217 | Zot:1    | Reached XP level 25. HP: 144/218 MP: 36/36
 77695 | Zot:2    | Identified the +1 ring mail "Deuv" {rF+++ rC+++ Str-2
                  | Dex-4}
 77841 | Zot:3    | Noticed a Killer Klown
 77905 | Zot:3    | You fall into a shaft and drop 1 floor!
 79156 | Zot:3    | Killed a Killer Klown
 80117 | Zot:3    | Acquired a +2 executioner's axe of distortion
 80609 | D:13     | Killed sirJeffrey23's ghost
 82022 | Zot:4    | Identified the +1 plate armour of Zecud {Int-3 Dex+4}
 82213 | Zot:5    | Entered Level 5 of the Realm of Zot
 82468 | Zot:5    | Found a transporter.
 82621 | Zot:5    | Found a transporter.
 82768 | Zot:5    | Found a transporter.
 82793 | Zot:5    | Found a transporter.
 83256 | Zot:5    | Noticed a dread lich
 83268 | Zot:5    | Killed a dread lich
 83651 | Zot:5    | Noticed an orb of fire
 83655 | Zot:5    | Identified the +11 rapier of Chaos {elec, Drain rN+ Str+4}
 83657 | Zot:5    | Noticed an orb of fire
 83671 | Zot:5    | Banished an orb of fire
 83683 | Zot:5    | Gained mutation: Your magical capacity is low. (-10% MP)
                  | [an orb of fire]
 83685 | Zot:5    | Killed an orb of fire
 83686 | Zot:5    | Reached XP level 26. HP: 86/225 MP: 32/32
 83702 | Zot:5    | HP: 11/225 [poisoned by a green draconian (blast of
                  | poison)]
 84393 | Crypt:1  | Entered Level 1 of the Crypt
 85205 | Zot:5    | Noticed an orb of fire
 85224 | Zot:5    | Gained mutation: You frequently scream uncontrollably at
                  | your foes. [an orb of fire]
 85229 | Zot:5    | Killed an orb of fire
 85529 | Zot:5    | Noticed an orb of fire
 85537 | Zot:5    | Banished an orb of fire
 85560 | Zot:5    | Noticed an orb of fire
 85561 | Zot:5    | Gained mutation: Potions are less effective at restoring
                  | your health. [an orb of fire]
 85574 | Zot:5    | Gained mutation: Your magical capacity is very low. (-20%
                  | MP) [an orb of fire]
 85577 | Zot:5    | Gained mutation: Your body sometimes deteriorates upon
                  | taking damage. [an orb of fire]
 85581 | Zot:5    | Gained mutation: You sometimes lose your temper in combat.
                  | [an orb of fire]
 85591 | Zot:5    | Gained mutation: You are dopey. (Int -2) [an orb of fire]
 86202 | Vaults:3 | Lost mutation: You sometimes lose your temper in combat.
                  | [potion of mutation]
 86202 | Vaults:3 | Lost mutation: You are partially covered in iridescent
                  | scales. (AC +2) [potion of mutation]
 86202 | Vaults:3 | Lost mutation: You are frail. (-10% HP) [potion of
                  | mutation]
 86202 | Vaults:3 | Gained mutation: You are occasionally teleported next to
                  | monsters. [potion of mutation]
 86202 | Vaults:3 | Lost mutation: Your magical capacity is very low. (-20% MP)
                  | [potion of mutation]
 86203 | Vaults:3 | Lost mutation: Potions are less effective at restoring your
                  | health. [potion of mutation]
 86203 | Vaults:3 | Lost mutation: You are occasionally teleported next to
                  | monsters. [potion of mutation]
 86203 | Vaults:3 | Lost mutation: You are dopey. (Int -2) [potion of mutation]
 86203 | Vaults:3 | Gained mutation: You occasionally lose the ability to drink
                  | potions when taking damage. [potion of mutation]
 86203 | Vaults:3 | Lost mutation: Your flesh is cold resistant. (rC+) [potion
                  | of mutation]
 86203 | Vaults:3 | Gained mutation: You passively map a small area around you.
                  | [potion of mutation]
 86203 | Vaults:3 | Gained mutation: You are agile. (Dex +4, Str/Int -1)
                  | [potion of mutation]
 86247 | Vaults:4 | Lost mutation: Your body sometimes deteriorates upon taking
                  | damage. [potion of mutation]
 86247 | Vaults:4 | Lost mutation: You passively map a small area around you.
                  | [potion of mutation]
 86247 | Vaults:4 | Lost mutation: You frequently scream uncontrollably at your
                  | foes. [potion of mutation]
 86247 | Vaults:4 | Gained mutation: You have a pair of large horns on your
                  | head. [potion of mutation]
 86247 | Vaults:4 | Gained mutation: You have large cloven feet. [potion of
                  | mutation]
 86248 | Vaults:4 | Lost mutation: You have large cloven feet. [potion of
                  | mutation]
 86248 | Vaults:4 | Lost mutation: You are agile. (Dex +4, Str/Int -1) [potion
                  | of mutation]
 86248 | Vaults:4 | Lost mutation: Your magical capacity is low. (-10% MP)
                  | [potion of mutation]
 86248 | Vaults:4 | Gained mutation: You are occasionally teleported next to
                  | monsters. [potion of mutation]
 86248 | Vaults:4 | Gained mutation: Your skin changes colour to match your
                  | surroundings (Stealth+). [potion of mutation]
 86249 | Vaults:4 | Lost mutation: Your skin changes colour to match your
                  | surroundings (Stealth+). [potion of mutation]
 86249 | Vaults:4 | Lost mutation: You occasionally lose the ability to drink
                  | potions when taking damage. [potion of mutation]
 86249 | Vaults:4 | Lost mutation: You occasionally shout uncontrollably at
                  | your foes. [potion of mutation]
 86249 | Vaults:4 | Gained mutation: You are somewhat resistant to further
                  | mutation. [potion of mutation]
 86249 | Vaults:4 | Gained mutation: You passively dampen the noise of your
                  | surroundings. [potion of mutation]
 86250 | Vaults:4 | Lost mutation: You have a pair of large horns on your head.
                  | [potion of mutation]
 86250 | Vaults:4 | Lost mutation: You are occasionally teleported next to
                  | monsters. [potion of mutation]
 86714 | Zot:5    | Killed an orb of fire
 86979 | Zot:5    | Noticed an orb of fire
 87444 | Zot:5    | Noticed a dread lich
 87551 | Zot:5    | Killed a dread lich
 87784 | Zot:5    | Noticed a dread lich
 87794 | Zot:5    | Killed a dread lich
 88206 | Zot:5    | Noticed a dread lich
 88213 | Zot:5    | Killed a dread lich
 88520 | Zot:5    | Killed an orb of fire
 88890 | Zot:5    | Got the Orb of Zot
 89161 | D:14     | Noticed Sodudih the pandemonium lord
 89259 | D:10     | Noticed a seraph
 89495 | D:$      | Escaped with the Orb!

Illustrated notes

Levels and vault maps discovered:
D:1:      dpeg_arrival_tiny_h, layout_basic, hellmonk_ecumenical_altar_blasted
D:2:      layout_basic, basic_altar, minivault_26
D:3:      gammafunk_steamed_eel, layout_basic, zin_statuary,
          portal_sewer_entry_b, dk_vineyard_3, uniq_sigmund
D:4:      layout_loops_ring, nicolae_shop_firing_range
D:5:      layout_loops_corners, lemuel_temple_firewalk_b, uniq_eustachio
D:6:      nicolae_whirlpool, layout_cave_pools, serial_shops, shop, uniq_maggie
D:7:      layout_layer_cave, mainiacjoe_overflow_alcove_2, serial_shops,
          kennysheep_little_box, dk_noncrumbling_2, uniq_duvessa
D:8:      layout_basic, okawaru_ov_weapons_minmay,
          mainiacjoe_overflow_surrounded_room, erik_lair_island, enter_ossuary_5
D:9:      layout_irregular_city, serial_bayou_lake_a
D:10:     layout_basic, minmay_orc_entry_temple_small, enter_bailey_1,
          serial_shops, nicolae_diamond_shop
D:11:     layout_irregular_city, uniq_snorg, uniq_nergalle
D:12:     cheibrodos_breeding_chamber, layout_loops_corners
D:13:     layout_loops_ring, gammafunk_ghost_ooze, serial_shops, shop,
          uniq_sonja
D:14:     minmay_clustersquares, layout_cave_pools, david_vaults_3,
          grunt_decor_clamped, fedhas_altar_2, uniq_kirke, uniq_azrael,
          uniq_josephine
D:15:     hangedman_depths_entry_try_elsewhere_first, layout_basic,
          nicolae_hepliaklqana_hippocampus
Lair:1:   layout_regular_city, grunt_megastairs_3, uniq_amaemon, uniq_joseph
Lair:2:   layout_regular_city
Lair:3:   layout_misc_corridors, minmay_shoals_entry_centaurs,
          nicolae_snake_entry_warm_welcome, grunt_megastairs_2,
          infiniplex_staircase_pool, serial_bayou_shore_b, serial_bayou_shore_b,
          uniq_gastronok
Lair:4:   layout_regular_city, small_statue_intersection, pond
Lair:5:   grunt_lair_end_beastmaster, layout_regular_city,
          dpeg_slime_entry_enclosed
Shoals:1: cheibrodos_shoals_baths, layout_shoals, uniq_frances
Shoals:2: layout_shoals, nicolae_shoals_goliath_grotto
Shoals:3: layout_shoals
Shoals:4: shoals_end_grunt_ice, layout_shoals, uniq_donald, uniq_polyphemus
Snake:1:  layout_onion, uniq_jorgrun
Snake:2:  layout_gridlike, hangedman_snake_corridor_split, minmay_shop_grove
Snake:3:  layout_cave_shapes, basic_altar, serial_bayou_pond_c,
          serial_bayou_shore_a, uniq_vashnia, uniq_nikola
Snake:4:  snake_pit_salamanders_mu, layout_cave_town
Slime:1:  layout_caves
Slime:2:  layout_caves, basic_altar
Slime:3:  layout_caves
Slime:4:  layout_caves
Slime:5
Orc:1:    layout_caves, basic_altar, uniq_harold
Orc:2:    st_orc_open, layout_caves, basic_altar, serial_shops, shop
Elf:1:    layout_gridlike, serial_sigils, serial_sigils_hangedman_gut,
          serial_sigils_hangedman_stare, serial_sigils_hangedman_scratch,
          serial_sigils_hangedman_shear, hangedman_elf_disciples,
          nicolae_specific_store
Elf:2:    elven_hall_of_blades_hangedman_original [nicolae_blade_tridents],
          layout_rooms, nicolae_elf_theology_debate, uniq_roxanne
Elf:3:    minmay_elf_hall_furrowed, layout_onion_city, basic_altar,
          portal_ice_cave_entry_ice_statue_two, billiards_dpeg, uniq_asterion
Vaults:1: nicolae_vaults_circle_grid_b, vaults_dpeg_hooks, vaults_dpeg_doors,
          v_alt_pattern_6, layout_vaults_omnigrid, serial_shops, shop
Vaults:2: minmay_crypt_entry_vampire_xt, vaults_standard_mumra_x,
          nicolae_vaults_theta, ontoclasm_vaults_ring_square, v_misc_22,
          grunt_vaults_funneled_arena, vaults_dpeg_emergency_exit,
          nicolae_vaults_little_squares_1, v_misc_24,
          nicolae_vaults_stairing_the_circle, ontoclasm_vaults_shuriken,
          v_misc_14, v_misc_26, layout_vaults_omnibox, uniq_frederick
Vaults:3: infiniplex_enter_wizlab_spiral, ontoclasm_vaults_bender,
          hangedman_vaults_nails, nicolae_vaults_asterisk,
          nicolae_vaults_statue_guard, ontoclasm_vaults_gateway,
          vaults_room_stairs_pillars, vaults_room_door_hall,
          hangedman_vaults_nodes, vaults_dpeg_ring, nicolae_vaults_network_star,
          nicolae_vaults_specimen_jars, grunt_vaults_swirl,
          nicolae_vaults_diagonal_hallway_7, layout_vaults_maze_snakey,
          serial_shops, shop
Vaults:4: hangedman_vaults_maws, v_misc_23, v_rooms_2, ontoclasm_vaults_twist,
          nicolae_vaults_little_squares_6, hangedman_vaults_stretched_pinwheel,
          nicolae_vaults_circle_grid_b, hangedman_vaults_river_flow,
          layout_vaults_chaotic_city, uniq_xtahua
Vaults:5: serial_shops
Crypt:1:  layout_rooms, grunt_megastairs_5
Depths:1: layout_gridville, abyss_entry_flame_altar,
          hellmonk_ghost_happy_afterlife, serial_sigils_hangedman_writhe,
          grunt_metal_band, nicolae_danse_macabre, grunt_megastairs_4
Depths:2: minmay_quantized_circle, layout_gridville, enter_ziggurat_b,
          pf_hell_entry_tar_spiral, minmay_misc_feat_room,
          hangedman_abyss_entry_splay, pan_entry
Depths:3: minmay_octo_star, layout_gridville, abyss_entry_small_statue_room,
          hell_entry, minmay_misc_feat_iff, chequers_serial_rivers_micro_e
Depths:4: evilmike_zot_entry_diamond, layout_cave_pools, abyss_entry,
          hell_entry, cheibriados_altar_1, minmay_shop_star
Zot:1:    layout_concentric_octagons
Zot:2:    layout_cathedral_of_symmetry, grunt_megastairs_1
Zot:3:    layout_cathedral_of_symmetry, hangedman_zot_decor_scrapings, drop_trap
Zot:4:    layout_misc_corridors, lemuel_flame_loot_1
Zot:5:    layout_misc_corridors, nicolae_transporter_circle

Skill      XL: |  1  2  3  4  5  6  7  8  9 10 11 12 13 14 15 16 17 18 19 20 21 22 23 24 25 26 |
---------------+-------------------------------------------------------------------------------+-----
Axes           | 3 4 6 7 9 12 15 16 19 21 23 24 | 24.1
Dodging        | 1 2 3 4 5 7 8 11 15 17 19 | 19.3
Invocations    | 6 9 11 13 14 15 16 17 19 20 | 20.4
Armour         | 6 8 11 13 15 17 18 21 23 24 | 24.7
Fighting       | 5 9 11 13 15 17 18 20 23 24 | 24.6
Evocations     | 1 6 11 13 15 16 | 16.0
Shields        | 5 7 |  7.8
Transmutations | 5 6 8 |  8.0
Air Magic      | 8 9 |  9.7

Action                     |  1- 3 |  4- 6 |  7- 9 | 10-12 | 13-15 | 16-18 | 19-21 | 22-24 | 25-27 || total
---------------------------+-------+-------+-------+-------+-------+-------+-------+-------+-------++-------
  Melee: War axe           |    85 |   113 |   300 |   606 |   898 |   323 |       |       |       ||  2325
         Headbutt          |     9 |    12 |    45 |   109 |   210 |   364 |   413 |   475 |   256 ||  1893
         Broad axe         |       |       |       |       |       |   448 |       |       |       ||   448
         Battleaxe         |       |       |       |       |       |   662 |  1623 |  1336 |   319 ||  3940
         Executioner's axe |       |       |       |       |       |       |       |       |   475 ||   475
  Throw: Boomerang         |       |       |       |     2 |       |       |       |       |       ||     2
         Dart              |       |       |       |     5 |    15 |       |       |       |       ||    20
         Throwing net      |       |       |       |     3 |       |       |       |       |       ||     3
         Javelin           |       |       |       |       |     7 |     9 |       |       |       ||    16
   Cast: Wereblood         |       |       |       |       |       |       |       |       |     1 ||     1
 Invoke: Upheaval          |       |       |       |     8 |    25 |    28 |    22 |    31 |    13 ||   127
         Elemental Force   |       |       |       |       |     1 |     1 |       |       |       ||     2
         Disaster Area     |       |       |       |       |     1 |     2 |     2 |     6 |     2 ||    13
  Evoke: Wand              |       |       |       |       |     7 |    25 |     6 |    13 |    23 ||    74
         Lightning rod     |       |       |       |       |       |     5 |       |     2 |       ||     7
         Box of beasts     |       |       |       |       |       |       |     2 |     1 |     3 ||     6
         Phantom mirror    |       |       |       |       |       |       |       |     1 |     3 ||     4
    Use: Scroll            |     5 |       |     8 |    11 |     9 |     6 |     7 |    18 |    13 ||    77
         Potion            |     1 |     1 |     2 |     1 |       |    13 |     7 |    12 |    29 ||    66
   Stab: Petrified         |       |       |       |       |     4 |       |       |       |       ||     4
         Invisible         |       |       |       |       |       |     1 |       |     7 |       ||     8
 Armour: Scale mail        |    30 |    35 |    60 |       |       |       |       |       |       ||   125
         Fire dragon scale |       |       |    26 |   145 |   244 |   466 |   548 |   547 |   319 ||  2295
  Dodge: Dodged            |    34 |    43 |   169 |   356 |   509 |  1209 |  1055 |   805 |   548 ||  4728
         Repelled          |       |       |       |     3 |     6 |    37 |    33 |    27 |    29 ||   135
  Block: Buckler           |    31 |    32 |   170 |   408 |   562 |   544 |       |       |       ||  1747
         Other             |       |       |       |       |       |   171 |   454 |   649 |   378 ||  1652
         Reflection        |       |       |       |       |       |       |     4 |    51 |     4 ||    59

Table legend: (Time is in decaauts)
 A = Elapsed time spent in this place.
 B = Non-inter-level travel time spent in this place.
 C = Inter-level travel time spent in this place.
 D = Time resting spent in this place.
 E = Time spent auto-exploring this place.
 F = Levels seen in this place.
 G = Mean time per level.
                   A        B        C        D        E       F      G
               +--------+--------+--------+--------+--------+-----+--------+
         Total |  88553 |  73548 |  15005 |  25770 |  27153 |  60 | 1475.9 |
       Dungeon |  20290 |  15151 |   5139 |   2496 |   8877 |  15 | 1352.7 |
          Lair |   7178 |   5755 |   1423 |   1328 |   2869 |   5 | 1435.6 |
        Shoals |   7186 |   6228 |    958 |   2715 |   1809 |   4 | 1796.5 |
     Snake Pit |   5031 |   4126 |    905 |    781 |   2040 |   4 | 1257.8 |
    Slime Pits |   2426 |   2230 |    196 |   1293 |    285 |   5 |  485.2 |
  Orcish Mines |   1375 |   1138 |    237 |    136 |    710 |   2 |  687.5 |
   Elven Halls |   8587 |   7662 |    925 |   3487 |   1636 |   3 | 2862.3 |
        Vaults |  13130 |  10698 |   2432 |   4093 |   3821 |   5 | 2626.0 |
         Crypt |     27 |     27 |      0 |      0 |      0 |   1 |   27.0 |
        Depths |   8019 |   6501 |   1518 |   2388 |   2399 |   4 | 2004.8 |
           Zot |  12603 |  11335 |   1268 |   6562 |   2388 |   5 | 2520.6 |
         Abyss |    451 |    451 |      0 |     14 |      0 |   2 |  225.5 |
         Sewer |    396 |    396 |      0 |     40 |     96 |   1 |  396.0 |
       Ossuary |    105 |    105 |      0 |      0 |     62 |   1 |  105.0 |
        Bailey |    238 |    238 |      0 |      0 |    118 |   1 |  238.0 |
      Ice Cave |    756 |    756 |      0 |    332 |     41 |   1 |  756.0 |
        Wizlab |    747 |    747 |      0 |    100 |      0 |   1 |  747.0 |
               +--------+--------+--------+--------+--------+-----+--------+

Top non-repeatable levels by time:
   Zot:5: 4659 daAuts
Vaults:4: 4017 daAuts
   Elf:3: 3858 daAuts
Vaults:2: 3180 daAuts
   Elf:2: 2980 daAuts
   Zot:2: 2713 daAuts
Depths:1: 2471 daAuts
Shoals:3: 2449 daAuts
Vaults:1: 2438 daAuts
Depths:3: 2318 daAuts
    D:13: 2221 daAuts
Vaults:3: 2204 daAuts
    D:15: 2156 daAuts
   Zot:1: 2003 daAuts
Shoals:4: 1972 daAuts
